 Dungeon Crawl Stone Soup version 0.28.0 (webtiles) character file.

Game seed: 11688686527284121650

4032 browni3141 the Cleaver (level 10, -15/91 HPs)
             Began as a Minotaur Berserker on Feb 18, 2022.
             Was a High Priest of Trog.
             Demolished by a boulder beetle (40 damage)
             ... on level 7 of the Dungeon.
             The game lasted 00:04:24 (8996 turns).

browni3141 the Cleaver (Minotaur Berserker)         Turns: 8996, Time: 00:04:25

Health: -15/91     AC: 11    Str: 26    XL:     10   Next: 4%
Magic:  9/9        EV:  9    Int:  4    God:    Trog [*****.]
Gold:   366        SH:  0    Dex: 10    Spells: 9/9 levels left

rFire   . . .      SeeInvis .   y - +3 battleaxe
rCold   . . .      Faith    +   (shield currently unavailable)
rNeg    . . .      Spirit   .   f - +0 chain mail
rPois   .          Reflect  .   (helmet restricted)
rElec   .          Harm     .   (no cloak)
rCorr   .          Rampage  .   (no gloves)
Will    .....                   (no boots)
Stlth   ..........              H - amulet of faith {!P}
HPRegen 0.25/turn               (no ring)
MPRegen 0.11/turn               (no ring)

@: no status effects
A: horns 2, retaliatory headbutt
a: Renounce Religion, Berserk, Trog's Hand, Brothers in Arms


You were on level 7 of the Dungeon.
You worshipped Trog.
Trog was extremely pleased with you.
You visited 1 branch of the dungeon, and saw 7 of its levels.
You also visited: Sewer and Ossuary.

You collected 366 gold pieces.


Innate Abilities, Weirdness & Mutations

You have a pair of horns on your head.
You reflexively headbutt those who attack you in melee.


   Skills:
 + Level 9.4 Fighting
 * Level 12.7 Axes
 + Level 9.0 Armour
 - Level 2.1 Dodging


You had 9 spell levels left.
You didn't know any spells.
Your spell library was empty.

Inventory:

Hand Weapons
 a - a +0 hand axe
 y - a +3 battleaxe (weapon)
Armour
 b - a +0 animal skin
 f - a +0 chain mail (worn)
 p - a scarf of harm
 z - a +2 cloak
Jewellery
 H - an amulet of faith (around neck) {!P}
Wands
 n - a wand of polymorph (2)
 v - a wand of acid (10)
 G - a wand of flame (19)
Scrolls
 d - 2 scrolls of enchant armour {unknown}
 g - 3 scrolls of blinking {unknown}
 h - a scroll of summoning {unknown}
 j - 5 scrolls of identify {unknown}
 o - a scroll of amnesia {unknown}
 q - 4 scrolls of noise {!r}
 r - 2 scrolls of teleportation {unknown}
 w - a scroll of magic mapping {unknown}
 B - a scroll of enchant weapon {unknown}
 C - 2 scrolls of fear {unknown}
 E - a scroll of fog {unknown}
 F - 3 scrolls of immolation {!r}
Potions
 c - 3 potions of curing {unknown}
 e - a potion of heal wounds {unknown}
 i - 4 potions of invisibility {unknown}
 k - a potion of ambrosia {unknown}
 m - a potion of berserk rage {unknown}
 s - 10 potions of degeneration {!q}
 t - 3 potions of might {unknown}
 u - a potion of attraction {unknown}
 x - a potion of cancellation {unknown}
 A - a potion of mutation {unknown}
 D - a potion of flight {unknown}
 I - a potion of haste {unknown}
Miscellaneous
 l - a phantom mirror (inert)

Dungeon Overview and Level Annotations

Branches:
Dungeon (7/15)             Temple (0/1) D:4           Sewer (visited)
Ossuary (visited)

Altars:
Hepliaklqana
Okawaru
Ru
Zin
Beogh

Shops:
D:4

( ##....(.# #..#
#.......## #...
###.........#####...
#####....####<.....#....
.......## #.......|....
....... ##..........##
.......####....#...####
........##...#######
......)@....##
.....○BB....#
......○....##
.....°.....#
...........#
######.....# #######


You could see a boulder beetle (rolling, ally target) and a friendly boulder
beetle (summoned, rolling, drained).


Message History

The boulder beetle bites you!!
* * * LOW HITPOINT WARNING * * *
The boulder beetle bites you!!
* * * LOW HITPOINT WARNING * * *
You hit the boulder beetle.
You headbutt the boulder beetle, but do no damage.
The boulder beetle is heavily wounded.
The boulder beetle waves its antennae.
The boulder beetle completely misses you.
You furiously retaliate!
You headbutt the boulder beetle, but do no damage.
You hit the boulder beetle but do no damage.
The boulder beetle is heavily wounded.
The boulder beetle leaps!
The centaur skeleton hits you but does no damage.
The centaur skeleton kicks you but does no damage.
You slash the centaur skeleton! You headbutt the centaur skeleton!
The centaur skeleton is almost destroyed.
The centaur skeleton hits you but does no damage.
The centaur skeleton kicks you but does no damage.
The boulder beetle curls into a ball and begins rolling!
You slice the centaur skeleton!!
You destroy the centaur skeleton!
Trog accepts your kill.
Aiming: Phantom Mirror
Press: ? - help, Dir - move target, f - boulder beetle
Aim: a boulder beetle (heavily wounded, rolling)
You reflect the boulder beetle with the mirror!
The mirror clouds!
The boulder beetle hits you!!!
You die...

Skill      XL: |  1  2  3  4  5  6  7  8  9 |
---------------+----------------------------+-----
Axes           | 4 6 7 8 10 12 | 12.7
Fighting       | 4 5 6 7 9 |  9.4
Armour         | 3 4 5 6 7 9 |  9.0
Dodging        | |  2.1

Action                   |  1- 3 |  4- 6 |  7- 9 | 10-12 || total
-------------------------+-------+-------+-------+-------++-------
Melee: Hand axe          |    65 |   165 |   162 |       ||   392
       Headbutt          |    13 |    26 |    36 |     3 ||    78
       Punch             |       |     4 |     2 |       ||     6
       Battleaxe         |       |       |    63 |    15 ||    78
Invok: Berserk           |     1 |     2 |     6 |       ||     9
Evoke: Phantom mirror    |       |       |       |     1 ||     1
 Stab: Sleeping          |     1 |       |       |       ||     1
       Paralysed         |       |       |     2 |       ||     2
Armor: Animal skin       |    12 |       |       |       ||    12
       Chain mail        |    12 |    75 |   118 |    10 ||   215
Dodge: Dodged            |    30 |    76 |   105 |    11 ||   222

Levels and vault maps discovered:
D:1:      lightli_molten_gateway, layout_loops_cross, basic_ecumenical_altar
D:2:      layout_loops_corners, minivault_11, uniq_sigmund
D:3:      layout_rooms, portal_sewer_entry_f
D:4:      layout_loops_ring, okawaru_ov_weapons_minmay,
          nicolae_ru_great_annihilating_truth,
          minmay_temple_entry_statues_fountains, serial_shops, kennysheep_mini,
          biasface_ghost_orc_armoury
D:5:      layout_gridville
D:6:      layout_layer_cave, uniq_grinder, uniq_maggie
D:7:      layout_layer_cave, gammafunk_temple_overflow_statue, enter_ossuary_5

Notes
Turn   | Place    | Note
-------+----------+-------------------------------------------
     0 | D:1      | browni3141 the Minotaur Berserker began the quest for the
                  | Orb.
     0 | D:1      | Reached XP level 1. HP: 19/19 MP: 0/0
   312 | D:1      | Reached skill level 4 in Axes
   322 | D:1      | Reached XP level 2. HP: 27/27 MP: 1/1
   405 | D:1      | Found a faded altar of an unknown god.
   818 | D:1      | Reached skill level 4 in Fighting
  1139 | D:2      | Reached ** piety under Trog
  1144 | D:2      | Reached skill level 3 in Armour
  1144 | D:2      | Reached XP level 3. HP: 33/33 MP: 2/2
  1345 | D:2      | Reached XP level 4. HP: 40/40 MP: 3/3
  1349 | D:2      | Reached skill level 5 in Axes
  1582 | D:2      | Noticed Sigmund
  1590 | D:2      | Killed Sigmund
  1591 | D:2      | Reached skill level 5 in Fighting
  1591 | D:2      | Reached skill level 6 in Axes
  1591 | D:2      | Reached skill level 4 in Armour
  1591 | D:2      | Reached XP level 5. HP: 48/48 MP: 4/4
  2330 | D:2      | Reached XP level 6. HP: 46/56 MP: 5/5
  2575 | D:3      | Found a glowing drain.
  2600 | Sewer    | Entered a sewer
  2828 | Sewer    | Reached *** piety under Trog
  3527 | D:4      | Found an iron altar of Okawaru.
  3534 | D:4      | Reached skill level 7 in Axes
  3574 | D:4      | Reached skill level 5 in Armour
  3574 | D:4      | Reached XP level 7. HP: 43/62 MP: 6/6
  3854 | D:4      | Reached skill level 6 in Fighting
  3923 | D:4      | Found a staircase to the Ecumenical Temple.
  4022 | D:4      | Found a runed translucent gate.
  4022 | D:4      | Identified the +9 mace of Ricelum {elec, Int+3 Dex+3}
  4022 | D:4      | Noticed pigah's ghost (amateur OpAE)
  4023 | D:4      | Found a runed translucent gate.
  4024 | D:4      | Found a runed translucent gate.
  4099 | D:4      | Found a sacrificial altar of Ru.
  4252 | D:4      | Reached skill level 8 in Axes
  4523 | D:4      | Found Noyc's Weapon Boutique.
  4617 | D:4      | Killed pigah's ghost
  4841 | D:5      | Entered Level 5 of the Dungeon
  5056 | D:5      | Reached skill level 6 in Armour
  5056 | D:5      | Reached XP level 8. HP: 64/71 MP: 7/7
  5142 | D:5      | Reached skill level 9 in Axes
  5242 | D:5      | Reached **** piety under Trog
  5475 | D:5      | Reached skill level 7 in Fighting
  5742 | D:5      | Noticed a troll
  5751 | D:5      | Killed a troll
  6194 | D:6      | Reached skill level 10 in Axes
  6194 | D:6      | Reached skill level 7 in Armour
  6271 | D:6      | Noticed Maggie
  6286 | D:6      | Killed Maggie
  6373 | D:6      | Reached XP level 9. HP: 64/81 MP: 8/8
  6707 | D:6      | Reached skill level 8 in Fighting
  6767 | D:6      | Noticed a two-headed ogre
  6777 | D:6      | Killed a two-headed ogre
  6778 | D:6      | Reached skill level 11 in Axes
  6778 | D:6      | Reached skill level 8 in Armour
  6962 | D:6      | Noticed Grinder
  6970 | D:6      | Killed Grinder
  7662 | D:7      | Reached skill level 12 in Axes
  7807 | D:7      | Reached skill level 9 in Fighting
  8174 | D:7      | Found a sand-covered staircase.
  8179 | Ossuary  | Entered an ossuary
  8477 | D:7      | Found a hazy altar of Hepliaklqana.
  8477 | D:7      | Found a glowing silver altar of Zin.
  8819 | D:7      | Reached skill level 9 in Armour
  8974 | D:7      | Noticed a boulder beetle
  8979 | D:7      | Reached XP level 10. HP: 91/91 MP: 9/9
  8990 | D:7      | Reached ***** piety under Trog
  8996 | D:7      | Demolished by a boulder beetle

Vanquished Creatures
  A two-headed ogre (D:6)
  Maggie (D:6)
  A troll (D:5)
  Grinder (D:6)
  Sigmund (D:2)
  The ghost of pigah the Gusty, an amateur OpAE (D:4)
  3 water moccasins
  2 orc warriors (D:7)
  A sky beast (D:5)
  A necrophage (D:6)
  A black bear (D:6)
  2 ogres (D:4)
  2 centaurs
  A phantom (D:4)
  2 bullfrogs
  A scorpion (D:5)
  4 wights (D:6)
  A bullfrog zombie (D:5)
  A jelly (D:6)
  A centaur zombie (Ossuary)
  4 centaur skeletons
  A bullfrog skeleton (D:5)
  4 orc priests
  2 hounds (D:7)
  A human zombie (Ossuary)
  An iguana (D:7)
  8 orc wizards
  A killer bee zombie (D:7)
  A hound zombie (D:5)
  4 mummies (Ossuary)
  9 adders
  2 worms
  A dart slug (D:1)
  26 orcs
  3 bats
  16 endoplasms
  10 giant cockroaches
  A gnoll zombie (Ossuary)
  7 goblins
  3 hobgoblins
  4 jackals (D:2)
  13 quokkas
  12 ball pythons
  12 frilled lizards
  A hobgoblin zombie (Ossuary)
  6 kobolds
  A kobold zombie (Ossuary)
  3 orc zombies (Ossuary)
  5 rats
191 creatures vanquished.

Table legend: (Time is in decaauts)
 A = Elapsed time spent in this place.
 B = Non-inter-level travel time spent in this place.
 C = Inter-level travel time spent in this place.
 D = Time resting spent in this place.
 E = Time spent auto-exploring this place.
 F = Levels seen in this place.
 G = Mean time per level.
                   A        B        C        D        E       F      G
               +--------+--------+--------+--------+--------+-----+--------+
         Total |   9140 |   9013 |    127 |   1382 |   6293 |   9 | 1015.6 |
       Dungeon |   8325 |   8198 |    127 |   1382 |   5839 |   7 | 1189.3 |
         Sewer |    573 |    573 |      0 |      0 |    347 |   1 |  573.0 |
       Ossuary |    241 |    241 |      0 |      0 |    107 |   1 |  241.0 |
               +--------+--------+--------+--------+--------+-----+--------+

Top non-repeatable levels by time:
     D:6: 1474 daAuts
     D:2: 1469 daAuts
     D:4: 1431 daAuts
     D:5: 1328 daAuts
     D:7: 1123 daAuts
     D:1: 1058 daAuts
   Sewer: 573 daAuts
     D:3: 439 daAuts
 Ossuary: 241 daAuts

Table legend:
 A = Non-vault XP
 B = Vault XP
 C = Vault XP percentage of total XP
 D = Non-vault monster count
 E = Vault monster count
 F = Vault count percentage of total count
                 A         B        C        D         E       F
            +---------+---------+-------+---------+---------+-------
      Total |    4271 |    1490 |  25.9 |     117 |      74 |  38.7
            +---------+---------+-------+---------+---------+-------
        D:1 |      31 |       0 |   0.0 |      18 |       0 |   0.0
        D:2 |     141 |     220 |  60.9 |      25 |       1 |   3.8
        D:3 |      17 |       8 |  32.0 |       7 |       4 |  36.4
        D:4 |     442 |     266 |  37.6 |      13 |      15 |  53.6
        D:5 |     931 |       0 |   0.0 |      10 |       0 |   0.0
        D:6 |    1549 |     657 |  29.8 |      14 |       2 |  12.5
        D:7 |    1160 |       0 |   0.0 |      30 |       0 |   0.0
      Sewer |       0 |     178 | 100.0 |       0 |      40 | 100.0
    Ossuary |       0 |     161 | 100.0 |       0 |      12 | 100.0
            +---------+---------+-------+---------+---------+-------
